 Dungeon Crawl Stone Soup version 0.28-a0-563-gf77a47075d (webtiles) character file.

Game seed: 8822284524806932679

24185 robertstho the Fighter (level 12, -7/101 (103) HPs)
             Began as a Minotaur Berserker on Sept 29, 2021.
             Was a High Priest of Trog.
             Mangled by a soul eater (15 damage)
             ... summoned by an orc high priest
             ... on level 2 of the Orcish Mines.
             The game lasted 00:17:34 (13448 turns).

robertstho the Fighter (Minotaur Berserker)        Turns: 13448, Time: 00:17:35

HP:   -7/101 (103)  AC: 12    Str: 23 (24) XL:     12   Next: 78%
MP:   11/11         EV: 18    Int:  3 (5)  God:    Trog [*****.]
Gold: 1147          SH:  5    Dex: 12      Spells: 11/11 levels left

rFire   . . .      SeeInvis .   a - +0 hand axe
rCold   . . .      Faith    .   (no shield)
rNeg    . . .      Spirit   .   A - +0 acid dragon scales
rPois   +          Reflect  +   (helmet restricted)
rElec   .          Harm     .   F - scarf {+Inv}
rCorr   +          Rampage  .   l - +0 pair of gloves
Will    ++...                   j - +0 pair of boots
Stlth   ++........              i - amulet of reflection
HPRegen 1.26/turn               h - +4 ring of evasion
MPRegen 0.12/turn               P - ring of poison resistance

@: strong-willed, on berserk cooldown, regenerating, slowed, lightly drained,
very slow
A: horns 2, retaliatory headbutt, deterioration 1, frail 1
a: Renounce Religion, Evoke Invisibility, Berserk, Trog's Hand, Brothers in Arms


You were on level 2 of the Orcish Mines.
You worshipped Trog.
Trog was extremely pleased with you.
You visited 2 branches of the dungeon, and saw 14 of its levels.

You collected 1440 gold pieces.
You spent 293 gold pieces at shops.

Inventory:

Hand Weapons
 a - a +0 hand axe (weapon)
 o - the +7 Singing Sword {vorpal, sonic wave}
   (You found it on level 5 of the Dungeon)

   It inflicts extra damage upon your enemies.
   It radiates damaging sonic waves as it strikes, especially in combat
   involving dangerous or numerous foes.
Missiles
 e - 6 throwing nets (quivered)
Armour
 j - a +0 pair of boots (worn)
 l - a +0 pair of gloves (worn)
 n - a +2 cloak
 r - a +0 chain mail
 A - +0 acid dragon scales (worn)
 F - a scarf of invisibility (worn)
Jewellery
 h - a +4 ring of evasion (left hand)
 i - an amulet of reflection (around neck)
 H - a ring of protection from cold
 K - a ring of protection from fire
 P - a ring of poison resistance (right hand)
Wands
 p - a wand of iceblast (28)
 y - a wand of mindburst (18)
 D - a wand of paralysis (17)
 O - a wand of polymorph (9)
Scrolls
 b - 2 scrolls of torment
 f - 2 scrolls of immolation
 s - 2 scrolls of fog
 u - 2 scrolls of teleportation
 w - 2 scrolls of enchant armour
 x - 2 scrolls of enchant weapon
 C - a scroll of holy word
 G - 2 scrolls of magic mapping
 N - a scroll of summoning
Potions
 c - 3 potions of curing
 d - 2 potions of lignification {unknown}
 g - 4 potions of haste {unknown}
 m - a potion of resistance {unknown}
 q - a potion of mutation {unknown}
 t - 4 potions of brilliance {unknown}
 v - 3 potions of attraction {unknown}
 z - 3 potions of flight {unknown}
 B - a potion of might {unknown}
 E - 2 potions of invisibility {unknown}
 I - a potion of berserk rage {unknown}
 L - a potion of cancellation {unknown}
 M - a potion of heal wounds {unknown}
Miscellaneous
 J - a phantom mirror


   Skills:
 * Level 13.4 Fighting
 + Level 13.2 Long Blades
 + Level 9.4 Axes
 * Level 12.6 Armour
 + Level 7.0 Dodging
 + Level 3.5 Stealth
 + Level 5.3 Shields
 + Level 0.5 Evocations


You had 11 spell levels left.
You didn't know any spells.
Your spell library was empty.

Dungeon Overview and Level Annotations

Branches:
Dungeon (12/15)            Temple (0/1) D:7            Lair (0/6) D:8
    Orc (2/2) D:12            Elf (0/3) Orc:2

Altars:
Ashenzari
Dithmenos
Elyvilon
Qazlal
Ru
Sif Muna
Trog
Vehumet
Xom
Yredelemnul
Zin
The Shining One

Shops:
D:6 *   D:7 (   D:9 ?   Orc:2 !([

Annotations:
D:8 1 runed translucent door


Innate Abilities, Weirdness & Mutations

You have a pair of horns on your head.
You reflexively headbutt those who attack you in melee.
Your body sometimes deteriorates upon taking damage.
You are frail. (-10% HP)


Message History

You hit the orc high priest but do no damage.
You hit the soul eater but do no damage.
You hit something but do no damage. Something barely misses you.
The orc high priest hits you but does no damage.
The soul eater hits you!
* * * LOW HITPOINT WARNING * * *
You feel drained. You block the orc high priest's attack.
Your iron troll bites the orc high priest!!
Your iron troll claws the orc high priest!!
Your iron troll claws the orc high priest but does no damage.
You feel better. Something completely misses you. The neqoxec gestures at you.
Strange energies course through your body.
You feel yourself wasting away.
The orc high priest hits your iron troll but does no damage.
The soul eater hits you but does no damage.
The orc high priest calls down the wrath of Beogh upon you.
Beogh smites you!
* * * LOW HITPOINT WARNING * * *
Your body deteriorates!
You feel weakened.
Your iron troll bites the orc high priest!
The orc high priest dies!
Trog accepts your kill.
The neqoxec disappears in a puff of smoke!
Something completely misses you.
The soul eater draws from the surrounding life force!
* * * LOW HITPOINT WARNING * * *
Your iron troll is drained of life.
The orc high priest utters an invocation to Beogh.
As you read the scroll of fear, it crumbles to dust.
You assume a fearsome visage.
The orange demon is unaffected.
The soul eater is unaffected.
The ice devil is unaffected.
The orc warrior looks frightened!
The orc high priest looks frightened!
Your iron troll is no longer berserk.
Your iron troll disappears in a puff of smoke!
The soul eater barely misses you. The orange demon closely misses you.
The ice devil closely misses you. You furiously retaliate!
You headbutt the ice devil, but do no damage.
The soul eater hits you!
You die...

.......#........##
.....<......#........##
..#.........................#
...........................##
#####.........................#
....##........................#
.....##................<......#
.ยง....#......................#
3.....#........4@............##
#o.3..#.........3.............#
#o3).#...o.o.)4.............##
#.)#).#)).....................##
)o##.))).)..$..................#
oo #..))).....................##
. #.)).....................### #
#))#.......................##
#..))#........................#


You could see a soul eater (summoned), an orc high priest (fleeing), an orange
demon (summoned), an ice devil (summoned) and an orc warrior (fleeing).

Vanquished Creatures
  Harold (D:7)
  A hydra (D:9)
  A rakshasa (D:8)
  5 two-headed ogres
  The ghost of Moby the Carver, a novice MiBe of Trog (D:8)
  2 orc high priests (Orc:2)
  Sonja (D:10)
  Pikel (D:5)
  An ugly thing (D:12)
  An orc sorcerer (Orc:2)
  2 cyclopes
  A manticore (D:8)
  Joseph (D:9)
  3 gargoyles (D:12)
  Maggie (D:7)
  Psyche (D:9)
  2 trolls
  A spriggan (D:11)
  6 yaks
  Grum (D:9)
  3 steam dragons
  A vampire mosquito (D:8)
  A warg (Orc:1)
  Menkaure (D:7)
  3 water moccasins
  A black bear (D:5)
  2 sky beasts
  4 ice beasts
  3 necrophages
  22 orc warriors
  7 wolves
  9 ogres
  9 centaurs
  3 phantoms
  4 lemures (D:5)
  A kobold brigand (D:8)
  A bullfrog (D:6)
  2 gnoll sergeants
  2 wyvern zombies
  8 scorpions
  A jelly (D:6)
  9 killer bees
  6 wights
  2 electric eels (D:8)
  7 howler monkeys
  A bullfrog zombie (D:7)
  6 centaur zombies
  5 hounds
  A centaur skeleton (D:6)
  A gnoll shaman (D:6)
  23 orc priests
  Crazy Yiuf (D:4)
  17 orc wizards
  5 iguanas
  4 howler monkey zombies
  9 gnolls
  2 howler monkey skeletons
  10 adders
  2 shadow imps
  4 white imps
  An ufetubus (D:6)
  A worm (D:4)
  4 dart slugs
  43 orcs
  9 bats
  10 endoplasms
  5 giant cockroaches
  7 goblins
  6 hobgoblins
  3 jackals (D:1)
  9 quokkas
  8 ball pythons
  10 frilled lizards
  14 kobolds
  9 rats
376 creatures vanquished.

Vanquished Creatures (collateral kills)
  An orc high priest (Orc:2)
  An orc priest (Orc:2)
  2 orc wizards (Orc:2)
  An orc (Orc:2)
5 creatures vanquished.

Vanquished Creatures (others)
  An orc wizard (D:12)
  An orc (D:8)
  4 fungi
  5 plants
11 creatures vanquished.

Grand Total: 392 creatures vanquished

Notes
Turn   | Place    | Note
-------+----------+-------------------------------------------
     0 | D:1      | robertstho the Minotaur Berserker began the quest for the
                  | Orb.
     0 | D:1      | Reached XP level 1. HP: 19/19 MP: 0/0
   515 | D:1      | Reached XP level 2. HP: 26/27 MP: 1/1
   800 | D:1      | Reached ** piety under Trog
   860 | D:1      | Reached XP level 3. HP: 24/33 MP: 2/2
  1084 | D:1      | Found a faded altar of an unknown god.
  1792 | D:2      | Found a glowing golden altar of the Shining One.
  2733 | D:3      | Reached XP level 4. HP: 33/41 MP: 3/3
  2992 | D:3      | Reached skill level 5 in Axes
  3330 | D:4      | Reached XP level 5. HP: 47/47 MP: 4/4
  3347 | D:4      | Noticed a necrophage
  3358 | D:4      | Killed a necrophage
  3359 | D:4      | Reached skill level 5 in Fighting
  3418 | D:4      | Reached *** piety under Trog
  3449 | D:4      | Noticed a phantom
  3462 | D:4      | Killed a phantom
  3463 | D:4      | Reached skill level 1 in Stealth
  3463 | D:4      | Reached XP level 6. HP: 41/56 MP: 5/5
  3629 | D:4      | Found a runed translucent door.
  3630 | D:4      | Noticed Crazy Yiuf
  3638 | D:4      | Killed Crazy Yiuf
  3639 | D:4      | Reached skill level 5 in Armour
  3799 | D:4      | Found a shimmering blue altar of Sif Muna.
  4149 | D:5      | Entered Level 5 of the Dungeon
  4170 | D:5      | Reached XP level 7. HP: 61/61 MP: 6/6
  4172 | D:5      | Reached skill level 1 in Shields
  4484 | D:5      | Noticed Pikel
  4502 | D:5      | Killed Pikel
  4503 | D:5      | Reached XP level 8. HP: 46/71 MP: 7/7
  5091 | D:5      | Found the +7 Singing Sword {vorpal, sonic wave}
  5238 | D:5      | Identified the +5 short sword "Ofiles" {chaos, rCorr}
  5574 | D:6      | Found a shadowy altar of Dithmenos.
  5582 | D:6      | Reached skill level 1 in Long Blades
  5582 | D:6      | Reached XP level 9. HP: 80/80 MP: 8/8
  5713 | D:6      | Reached **** piety under Trog
  5843 | D:6      | Found a white marble altar of Elyvilon.
  6127 | D:6      | Found Adityn's General Store.
  6138 | D:6      | Bought a scroll of amnesia for 42 gold pieces
  6138 | D:6      | Bought a scroll of teleportation for 36 gold pieces
  6786 | D:7      | Noticed Harold
  6795 | D:7      | Killed Harold
  6796 | D:7      | Reached skill level 5 in Long Blades
  6796 | D:7      | Reached XP level 10. HP: 91/91 MP: 9/9
  6987 | D:7      | Found a staircase to the Ecumenical Temple.
  6994 | D:7      | Found Cinosi Qeaze's Weapon Shop.
  7037 | D:7      | Found a radiant altar of Vehumet.
  7094 | D:7      | Reached ***** piety under Trog
  7097 | D:7      | Found a glowing golden altar of the Shining One.
  7547 | D:7      | Noticed Menkaure
  7549 | D:7      | Noticed Maggie
  7552 | D:7      | Killed Menkaure
  7554 | D:7      | Killed Maggie
  7717 | D:7      | Found a glowing silver altar of Zin.
  7887 | D:8      | Found a staircase to the Lair.
  7891 | D:8      | Reached skill level 10 in Armour
  8120 | D:8      | Received a gift from Trog
  8288 | D:8      | Found a runed translucent gate.
  8289 | D:8      | Found a runed translucent gate.
  8289 | D:8      | Found a runed translucent gate.
  8290 | D:8      | Noticed a rakshasa
  8294 | D:8      | Noticed Moby's ghost (novice MiBe)
  8345 | D:8      | Found a runed translucent door.
  8505 | D:8      | Found a runed translucent door.
  8580 | D:8      | Reached skill level 10 in Fighting
  8582 | D:8      | Reached skill level 5 in Dodging
  8761 | D:8      | Noticed a manticore
  8768 | D:8      | Killed a manticore
  8769 | D:8      | Reached XP level 11. HP: 59/100 MP: 10/10
  9068 | D:8      | Killed Moby's ghost
  9069 | D:8      | Killed a rakshasa
  9070 | D:8      | Reached skill level 10 in Long Blades
  9225 | D:9      | Noticed a two-headed ogre
  9227 | D:9      | Found Seogaxt's Magic Scroll Shop.
  9227 | D:9      | Noticed Psyche
  9231 | D:9      | Noticed Joseph
  9231 | D:9      | Noticed a seven-headed hydra
  9235 | D:9      | Killed a two-headed ogre
  9237 | D:9      | Killed Psyche
  9237 | D:9      | Killed Joseph
  9241 | D:9      | Killed a nine-headed hydra
  9243 | D:9      | Noticed a two-headed ogre
  9250 | D:9      | Killed a two-headed ogre
  9399 | D:9      | Noticed Grum
  9404 | D:9      | Killed Grum
  9513 | D:9      | Bought a scroll of teleportation for 30 gold pieces
  9513 | D:9      | Bought a scroll of identify for 20 gold pieces
  9513 | D:9      | Bought a scroll of identify for 20 gold pieces
  9513 | D:9      | Bought a scroll of enchant armour for 75 gold pieces
  9513 | D:9      | Bought a scroll of magic mapping for 35 gold pieces
  9513 | D:9      | Bought a scroll of magic mapping for 35 gold pieces
 10170 | D:10     | Entered Level 10 of the Dungeon
 10180 | D:10     | Found a broken altar of Ashenzari.
 10180 | D:10     | Noticed a two-headed ogre
 10181 | D:10     | Found a sacrificial altar of Ru.
 10186 | D:10     | Killed a two-headed ogre
 10256 | D:10     | Found a basalt altar of Yredelemnul.
 10449 | D:10     | Noticed Sonja
 10458 | D:10     | Killed Sonja
 10652 | D:10     | Found a shimmering altar of Xom.
 10731 | D:10     | Found a bloodstained altar of Trog.
 10772 | D:10     | Found a stormy altar of Qazlal.
 11248 | D:11     | Reached XP level 12. HP: 90/112 MP: 11/11
 11733 | D:11     | Noticed a two-headed ogre
 11733 | D:11     | Noticed a two-headed ogre
 11737 | D:11     | Killed a two-headed ogre
 11742 | D:11     | Killed a two-headed ogre
 11745 | D:11     | Found the +7 pair of quick blades "Gyre" and "Gimble"
                  | {protect}
 12530 | D:12     | Identified the +2 robe of Pemexuoha {*Corrode rElec rF+
                  | Archmagi}
 12588 | D:12     | Reached skill level 5 in Shields
 12657 | D:12     | Found a staircase to the Orcish Mines.
 12751 | Orc:1    | Entered Level 1 of the Orcish Mines
 13219 | Orc:2    | Entered Level 2 of the Orcish Mines
 13339 | Orc:2    | Found a staircase to the Elven Halls.
 13401 | Orc:2    | Noticed an orc high priest
 13408 | Orc:2    | Reached ****** piety under Trog
 13408 | Orc:2    | Noticed an orc high priest
 13411 | Orc:2    | Killed an orc high priest
 13417 | Orc:2    | Received a gift from Trog
 13417 | Orc:2    | Killed an orc high priest
 13422 | Orc:2    | Noticed an orc high priest
 13423 | Orc:2    | Found Asyeni's Armour Shoppe.
 13423 | Orc:2    | Found Imoeruni's Distillery.
 13423 | Orc:2    | Found Vuafes's Weapon Shoppe.
 13424 | Orc:2    | Noticed an orc high priest
 13437 | Orc:2    | Gained mutation: You are frail. (-10% HP) [a neqoxec]
 13446 | Orc:2    | Gained mutation: Your body sometimes deteriorates upon
                  | taking damage. [a neqoxec]
 13446 | Orc:2    | Killed an orc high priest
 13446 | Orc:2    | HP: 4/97 [soul eater/drain life[an orc high priest] (15)]
 13448 | Orc:2    | Mangled by a soul eater

Illustrated notes

Levels and vault maps discovered:
D:1:      minmay_arrival_glassed_features, layout_basic,
          ebering_ecumenical_altar_sacrificial
D:2:      layout_basic, minmay_hexomino_r4
D:3:      layout_loops_ring
D:4:      layout_loops_ring, tgw_sif, uniq_crazy_yiuf_cottage
D:5:      old_forge, layout_basic, grunt_ministairs_10, uniq_pikel
D:6:      minmay_razor_zed, layout_basic, elyvilon_altar_3,
          nicolae_dithmenos_the_darkroom, serial_glass, glass_columns_a,
          glass_columns_a, nicolae_stop_n_shop_2
D:7:      layout_basic, general_overflow_altar, old_standard_altar,
          tso_oasis_becter, minmay_temple_entry_butterflies, serial_shops,
          nicolae_shop_temple_entry_statues_fountains, minmay_stone_trees_small,
          corexii_corridor_pit, chequers_serial_rivers_room_a,
          minmay_fractal_squares_diagonal_5, uniq_harold, uniq_menkaure,
          uniq_maggie
D:8:      cheibrodos_histonic, layout_rooms, erik_lair_island,
          gammafunk_ghost_split
D:9:      layout_basic, serial_shops, shop, uniq_psyche, uniq_joseph, uniq_grum
D:10:     layout_cave_pools, grunt_temple_overflow_open,
          nicolae_qazlal_eye_of_the_storm, mainiacjoe_overflow_two_lobes,
          grunt_ogre_cave, uniq_sonja
D:11:     layout_roguey, hellmonk_guarded_unrand_gyre_and_gimble
D:12:     layout_rooms, david_orc_4
Orc:1:    layout_caves
Orc:2:    st_orc_mages, layout_caves, abandoned_shop, nicolae_orc_damp_corner

Skill      XL: |  1  2  3  4  5  6  7  8  9 10 11 12 |
---------------+-------------------------------------+-----
Axes           | 4 5 6 7 8 9 |  9.4
Fighting       | 4 5 6 7 9 10 12 13 | 13.4
Armour         | 3 4 5 6 8 9 10 11 12 | 12.6
Stealth        | 1 2 3 |  3.5
Dodging        | 3 4 5 6 7 |  7.0
Shields        | 2 4 5 |  5.3
Long Blades    | 1 5 9 11 13 | 13.2
Evocations     | |  0.5

Action                   |  1- 3 |  4- 6 |  7- 9 | 10-12 || total
-------------------------+-------+-------+-------+-------++-------
Melee: Hand axe          |   106 |    89 |    90 |     1 ||   286
       Headbutt          |    12 |    18 |    21 |    37 ||    88
       Double sword      |       |       |    67 |   292 ||   359
Invok: Berserk           |       |     3 |     3 |     7 ||    13
       Trog's Hand       |       |       |     1 |     1 ||     2
       Brothers in Arms  |       |       |       |     2 ||     2
 Abil: Evoke Invisibilit |       |       |       |     1 ||     1
  Use: Scroll            |     1 |       |     4 |     7 ||    12
       Potion            |       |       |       |     1 ||     1
 Stab: Sleeping          |     1 |       |       |     2 ||     3
       Invisible         |       |       |       |     2 ||     2
Armor: Animal skin       |     6 |       |       |       ||     6
       Scale mail        |     5 |    29 |    14 |       ||    48
       Chain mail        |       |       |    72 |     9 ||    81
       Acid dragon scale |       |       |       |    96 ||    96
Dodge: Dodged            |    68 |    43 |   130 |   246 ||   487
Block: Other             |     5 |    13 |    36 |    52 ||   106
       Reflection        |     1 |       |     2 |     2 ||     5

Table legend: (Time is in decaauts)
 A = Elapsed time spent in this place.
 B = Non-inter-level travel time spent in this place.
 C = Inter-level travel time spent in this place.
 D = Time resting spent in this place.
 E = Time spent auto-exploring this place.
 F = Levels seen in this place.
 G = Mean time per level.
                   A        B        C        D        E       F      G
               +--------+--------+--------+--------+--------+-----+--------+
         Total |  13589 |  13062 |    527 |    936 |  10134 |  14 |  970.6 |
       Dungeon |  12896 |  12379 |    517 |    936 |   9628 |  12 | 1074.7 |
  Orcish Mines |    693 |    684 |      9 |      0 |    506 |   2 |  346.5 |
               +--------+--------+--------+--------+--------+-----+--------+

Top non-repeatable levels by time:
     D:1: 1512 daAuts
     D:8: 1349 daAuts
     D:7: 1281 daAuts
     D:6: 1260 daAuts
    D:11: 1182 daAuts
     D:5: 1103 daAuts
     D:9: 1062 daAuts
     D:2: 931 daAuts
     D:4: 925 daAuts
     D:3: 881 daAuts
    D:10: 830 daAuts
    D:12: 573 daAuts
   Orc:1: 463 daAuts
   Orc:2: 229 daAuts
